Map: [ESL] Berlingrad

Players

Bunny

  • Race: Terran Terran

Zest - Winner!

  • Race: Protoss Protoss

Event: IEM Katowice 2022

VOD

Have the link to the VOD?

Description

Time

  • Played on: Feb. 25, 2022, 9:04 a.m.
  • Length: 6:10

All games in this series

Show
View Real Time Build Order
Export as new Build Order

Bunny Terran 

Build Orders:  

Get SALT Encoding   

  12  0:00  SCV  
  13  0:12  SCV  
  14  0:17  Supply Depot  
  14  0:24  SCV  
  15  0:38  SCV  
  15  0:39  Barracks  
  16  0:45  Refinery  
  16  0:51  SCV  
  16  0:55  Refinery  
  17  1:03  SCV  
  18  1:15  SCV  
  19  1:27  Reaper, Orbital Command  
  20  1:35  Supply Depot  
  20  1:48  Factory  
  20  1:52  SCV  
  21  2:01  Bunker  
  21  2:04  SCV  
  22  2:17  SCV  
  22  2:28  Command Center  
  22  2:29  SCV  
  23  2:33  Widow Mine  
  23  2:36  Barracks Reactor  
  25  2:41  SCV  
  26  2:50  Barracks  
  26  2:53  SCV  
  26  2:55  Factory Tech Lab  
  26  2:58  Supply Depot  
  27  3:05  SCV  
  27  3:13  Marine x2  
  27  3:17  SCV  
  27  3:19  Cyclone  
  33  3:27  Barracks  
  33  3:29  SCV  
  33  3:32  Marine  
  35  3:34  Marine  
  35  3:40  Barracks Tech Lab  
  36  3:41  SCV  
  37  3:50  Marine  
  37  3:52  Marine  
  37  3:53  SCV  
  40  3:58  Orbital Command  
  40  4:01  Stimpack  
  40  4:04  Factory Tech Lab  
  40  4:05  SCV  
  40  4:06  Marine  
  40  4:08  Marine  
  43  4:12  Marine  
  44  4:18  SCV  
  44  4:21  Engineering Bay  
  44  4:23  SCV  
  46  4:24  Combat Shield  
  46  4:25  Marine x2  
  46  4:27  Marine  
  46  4:30  Marine  
  50  4:32  SCV  
  50  4:35  SCV  
  50  4:36  Supply Depot  
  52  4:44  SCV  
  52  4:45  Starport  
  53  4:46  Factory Reactor  
  53  4:50  SCV  
  54  4:56  Refinery  
  54  4:58  SCV, Marine x2  
  54  4:59  Supply Depot  
  57  5:02  SCV  
  59  5:09  Marauder x2  
  59  5:12  SCV  
  62  5:15  Supply Depot  
  62  5:19  Supply Depot  
  62  5:21  SCV, Marine x2  
  62  5:33  Missile Turret  
  47  5:40  Missile Turret  
  42  5:45  Missile Turret  
Show
View Real Time Build Order
Export as new Build Order

Zest Protoss - Winner!

Build Orders: 1 Gate Expand, Dark Templar Rush 

Get SALT Encoding   

  12  0:07  Pylon  
  12  0:12  Probe  
  13  0:26  Gateway  
  13  0:31  Probe (Chrono Boost)  
  14  0:40  Probe (Chrono Boost)  
  14  0:41  Assimilator  
  15  0:45  Probe (Chrono Boost)  
  16  0:57  Probe  
  17  1:09  Probe  
  18  1:14  Cybernetics Core  
  18  1:21  Probe  
  19  1:33  Probe  
  20  1:43  Nexus  
  20  1:49  Stalker (Chrono Boost)  
  22  1:59  Pylon  
  22  2:02  Probe  
  23  2:17  Stalker, Probe  
  26  2:24  Assimilator  
  26  2:29  Probe  
  27  2:38  Stargate  
  27  2:41  Probe  
  28  2:53  Probe  
  28  2:54  Warp Gate  
  28  2:56  Probe  
  31  3:06  Probe (Chrono Boost)  
  31  3:08  Probe (Chrono Boost)  
  31  3:10  Twilight Council  
  31  3:12  Robotics Facility  
  32  3:18  Probe (Chrono Boost)  
  34  3:20  Probe (Chrono Boost)  
  34  3:26  Probe (Chrono Boost)  
  35  3:27  Probe (Chrono Boost)  
  35  3:30  Gateway  
  35  3:31  Probe (Chrono Boost)  
  37  3:35  Stalker, Probe  
  40  3:44  Probe  
  40  3:46  Dark Shrine  
  40  3:47  Probe  
  42  3:52  Pylon  
  42  3:56  Warp Prism (Chrono Boost)  
  42  4:01  Probe  
  45  4:03  Probe  
  46  4:10  Gateway  
  46  4:12  Pylon  
  46  4:15  Probe  
  47  4:18  Probe, Assimilator  
  48  4:32  Nexus  
  48  4:36  Probe x2  
  50  4:47  Assimilator  
  50  4:49  Probe x2  
  52  4:58  Dark Templar x2  
  56  5:03  Probe  
  56  5:04  Dark Templar  
  59  5:10  Probe  
  59  5:12  Pylon  
  60  5:15  Probe  
  60  5:19  Pylon  
  61  5:27  Probe  
  62  5:30  Immortal (Chrono Boost)  
  66  5:48  Probe  
  66  5:49  Gateway, Probe x2  
  69  5:50  Gateway  
  69  5:52  Gateway  

Tags
 
Add a new tag
Caveats
  • Supply blocks, unpowered buildings, or Contaminate may cause inaccurate times.
  • Supply counts are checked every 10 seconds.